 Dungeon Crawl Stone Soup version 0.28-a0-1510-gd0f6b136d3 (webtiles) character file.

Game seed: 16076939394347579929

4069 tatocazan the Basher (level 10, -3/64 HPs)
             Began as a Gargoyle Fighter on Jan 14, 2022.
             Was a Follower of Makhleb.
             Slain by Erica (10 damage)
             ... on level 8 of the Dungeon.
             The game lasted 00:11:00 (9847 turns).

tatocazan the Basher (Gargoyle Fighter)             Turns: 9847, Time: 00:11:01

Health: -3/64      AC: 22    Str: 24    XL:     10   Next: 25%
Magic:  11/11      EV:  7    Int:  9    God:    Makhleb [*.....]
Gold:   480        SH:  4    Dex:  9    Spells: 9/9 levels left

rFire   . . .      SeeInvis .   A - +5 war axe of Impermanence {vorpal, rC+}
rCold   + + .      Faith    .   c - +0 buckler
rNeg    + . .      Spirit   .   q - +0 plate armour
rPois   ∞          Reflect  .   i - +0 helmet
rElec   +          Harm     .   (no cloak)
rCorr   .          Rampage  .   (no gloves)
Will    .....                   (no boots)
Stlth   ..........              (no amulet)
HPRegen 0.20/turn               D - ring of protection from cold
MPRegen 0.12/turn               (no ring)

@: slowed, very slow
A: sickness immunity, AC +7, negative energy resistance 1, electricity
resistance, torment resistance 1, petrification resistance
a: Renounce Religion


You were on level 8 of the Dungeon.
You worshipped Makhleb.
Makhleb was aware of your devotion.
You visited 1 branch of the dungeon, and saw 9 of its levels.
You also visited: Ossuary.

You collected 480 gold pieces.

Inventory:

Hand Weapons
 a - a +0 flail
 e - a +1 whip of electrocution
 A - the +5 war axe of Impermanence (weapon) {vorpal, rC+}
   (You found it on level 6 of the Dungeon)

   It inflicts extra damage upon your enemies.
   rC:        It protects you from cold.
Missiles
 l - a throwing net (quivered)
 s - 5 atropa-tipped darts
Armour
 c - a +0 buckler (worn)
 i - a +0 helmet (worn)
 q - a +0 plate armour (worn)
Jewellery
 o - a ring of wizardry
 v - a ring of magical power
 D - a ring of protection from cold (left hand)
 G - an amulet of regeneration
Wands
 h - a wand of polymorph (8)
 u - a wand of acid (4)
Scrolls
 p - 8 scrolls of identify
 r - a scroll of amnesia
 y - a scroll of fear
 B - a scroll of magic mapping
 C - a scroll of teleportation
Potions
 b - a potion of ambrosia
 d - a potion of might
 f - a potion of cancellation
 g - 2 potions of magic
 j - 2 potions of degeneration
 k - 2 potions of resistance
 m - 5 potions of curing
 n - 4 potions of lignification
 t - a potion of brilliance
 w - a potion of flight
 z - 2 potions of attraction
 F - a potion of mutation {unknown}
 H - a potion of haste {unknown}


   Skills:
 + Level 7.9 Fighting
 + Level 2.8(5.9) Axes
 + Level 8.9(9.2) Maces & Flails
 + Level 7.9 Armour
 + Level 1.7 Dodging
 - Level 4.2 Shields
 + Level 2.4 Invocations
 + Level 3.8 Evocations


You had 9 spell levels left.
You didn't know any spells.
Your spell library contained the following spells:

 Spells                   Type           Power      Damage    Failure   Level
 Animate Skeleton         Necr           0%         N/A       100%        1
 Apportation              Tloc           0%         N/A       100%        1
 Pain                     Necr           0%         1d4       100%        1
 Summon Small Mammal      Summ           0%         N/A       100%        1
 Conjure Flame            Conj/Fire      0%         6-21      100%        3
 Ignite Poison            Fire/Tmut/Pois 0%         N/A       100%        3
 Mephitic Cloud           Conj/Pois/Air  0%         N/A       100%        3
 Vampiric Draining        Necr           0%         2d6       100%        3
 Sticky Flame             Conj/Fire      0%         2d3       100%        4
 Summon Ice Beast         Ice/Summ       0%         N/A       100%        4
 Alistair's Intoxication  Tmut/Pois      0%         N/A       100%        5


Dungeon Overview and Level Annotations

Branches:
Dungeon (9/15)             Temple (0/1) D:7         Ossuary (visited)
   Lair: D:8-11         Orc: D:9-12

Altars:
Makhleb
Vehumet
Xom
The Shining One

Shops:
D:2 [

Annotations:
D:8 Erica


Innate Abilities, Weirdness & Mutations

You are immune to sickness and miasma.
Your stone body is resilient. (AC +7)
You are immune to poison.
You resist negative energy. (rN+)
You are resistant to electric shocks. (rElec)
You are resistant to unholy torment.
You are immune to petrification.


Message History

A bolt of poison appears from out of thin air!
The bolt of poison hits you but does no damage.
You resist.
Aiming: Corrosive Bolt
Press: ? - help, Shift-Dir - straight line You block something's attack.
Aiming: Corrosive Bolt
Press: ? - help, Shift-Dir - straight line, f - you That beam is likely to hit you.
Continue anyway?
Okay, then.
Aiming: Corrosive Bolt
Press: ? - help, Shift-Dir - straight line The bolt of acid hits something!
The acid corrodes something!
Something hits you!
* * * LOW HITPOINT WARNING * * *
Something burns you.
* * * LOW HITPOINT WARNING * * *
Something hits you but does no damage.
You take 13 damage, and have 4/64 hp.
MASSIVE DAMAGE!!
You feel much better. Something hits you. Something burns you.
* * * LOW HITPOINT WARNING * * *
You regained 15 hp, and now have 19/64 hp.
Aiming: Corrosive Bolt
Press: ? - help, Shift-Dir - straight line The bolt of acid hits something!
Something seems to be corroded for longer.
Something hits you!
* * * LOW HITPOINT WARNING * * *
Something burns you.
* * * LOW HITPOINT WARNING * * *
Something hits you but does no damage.
You take 8 damage, and have 11/64 hp.
You miss something. Something hits you.
* * * LOW HITPOINT WARNING * * *
Something burns you.
* * * LOW HITPOINT WARNING * * *
Something hits you but does no damage.
You take 4 damage, and have 7/64 hp.
You slash something! Something hits you!
You die...

#.# #.# #.# #.#
#.# #.# #.# #.#
#.# #.#
###.##########
#.#
#............#
#.#
#.#{########.#
#.# #.#@.#
##.#####.#
#.##.#
#........#
#.##.#
#..#######
#.##.######..##
#
#.##..........#
#
#.#########...#
#
#.............#
#
###########.#.#
#### #.#.# #...


There were no monsters in sight!

Vanquished Creatures
  An ugly thing (D:8)
  Joseph (D:8)
  Grinder (D:4)
  Eustachio (D:5)
  4 steam dragons
  An orc warrior (D:5)
  A hornet zombie (D:8)
  2 black bears
  A necrophage (D:5)
  2 ogres (D:6)
  A phantom (D:4)
  2 kobold brigands
  2 scorpions
  A wyvern zombie (D:7)
  7 water moccasin zombies
  A wyvern skeleton (D:7)
  A water moccasin skeleton (D:4)
  3 killer bees (D:5)
  A wight (D:7)
  4 centaur zombies
  A hound (D:5)
  2 orc priests
  A gnoll shaman (D:8)
  3 centaur skeletons
  An iguana (D:7)
  Natasha (thrice) (D:2)
  2 orc wizards
  2 killer bee zombies
  A hound zombie (D:5)
  A hound skeleton (D:5)
  3 mummies
  Robin (D:2)
  A howler monkey skeleton (D:4)
  5 gnolls (D:8)
  5 adders
  2 white imps
  3 ufetubi
  4 adder zombies (Ossuary)
  A worm (D:2)
  A dart slug (D:5)
  15 orcs
  7 endoplasms
  6 giant cockroaches
  18 goblins
  2 hobgoblins
  3 jackals (D:1)
  4 quokkas
  9 ball pythons
  5 bats
  4 frilled lizards
  3 gnoll zombies (Ossuary)
  6 hobgoblin zombies (Ossuary)
  10 kobolds
  A kobold zombie (Ossuary)
  5 orc zombies (Ossuary)
  6 rats
185 creatures vanquished.

Vanquished Creatures (others)
  A plant (D:7)
1 creature vanquished.

Grand Total: 186 creatures vanquished

Notes
Turn   | Place    | Note
-------+----------+-------------------------------------------
     0 | D:1      | tatocazan the Gargoyle Fighter began the quest for the Orb.
     0 | D:1      | Reached XP level 1. HP: 14/14 MP: 1/1
   302 | D:1      | Reached XP level 2. HP: 19/19 MP: 2/2
   495 | D:1      | Found a faded altar of an unknown god.
   742 | D:1      | Reached XP level 3. HP: 22/23 MP: 3/3
  1516 | D:2      | Noticed Robin
  1559 | D:2      | Killed Robin
  1560 | D:2      | Reached skill level 3 in Maces & Flails
  1561 | D:2      | Reached XP level 4. HP: 15/29 MP: 4/4
  2097 | D:2      | Noticed Natasha
  2102 | D:2      | Killed Natasha
  2147 | D:2      | Found Uckoun's Armour Shop.
  2384 | D:2      | Noticed Natasha
  2395 | D:2      | Killed Natasha
  2396 | D:2      | Reached XP level 5. HP: 31/33 MP: 5/5
  2585 | D:2      | Noticed Natasha
  2595 | D:2      | Killed Natasha
  2990 | D:3      | Found a shimmering altar of Xom.
  3120 | D:3      | Reached skill level 4 in Maces & Flails
  3474 | D:4      | Reached XP level 6. HP: 31/39 MP: 6/6
  3592 | D:4      | Noticed Grinder
  3608 | D:4      | Killed Grinder
  3609 | D:4      | Reached skill level 5 in Maces & Flails
  3609 | D:4      | Reached XP level 7. HP: 44/44 MP: 7/7
  3800 | D:4      | Reached skill level 5 in Fighting
  3800 | D:4      | Reached skill level 5 in Armour
  4570 | D:5      | Entered Level 5 of the Dungeon
  4707 | D:5      | Got the Volume of Cankerous Summoning
  4752 | D:5      | Reached skill level 6 in Maces & Flails
  4752 | D:5      | Reached skill level 1 in Evocations
  4846 | D:5      | Reached XP level 8. HP: 28/50 MP: 8/8
  5220 | D:5      | Noticed Eustachio
  5262 | D:5      | Killed Eustachio
  5974 | D:6      | Found a sand-covered staircase.
  5985 | Ossuary  | Entered an ossuary
  6073 | Ossuary  | Reached skill level 7 in Maces & Flails
  6492 | D:6      | Reached XP level 9. HP: 55/56 MP: 9/9
  7021 | D:6      | Reached skill level 8 in Maces & Flails
  7176 | D:6      | Identified the +5 war axe of Impermanence {vorpal, rC+}
  7555 | D:7      | Reached skill level 1 in Axes
  8035 | D:7      | Found a burning altar of Makhleb.
  8042 | D:7      | Identified the +1 robe of the Moon {Drain rElec rC+++
                  | Slay+5}
  8084 | D:7      | Found a radiant altar of Vehumet.
  8084 | D:7      | Found a glowing golden altar of the Shining One.
  8133 | D:7      | Became a worshipper of Makhleb the Destroyer
  8165 | D:7      | Found a staircase to the Ecumenical Temple.
  8657 | D:8      | Noticed a white ugly thing
  8676 | D:8      | Killed a white ugly thing
  8677 | D:8      | Reached skill level 1 in Dodging
  8677 | D:8      | Reached skill level 1 in Invocations
  8677 | D:8      | Reached XP level 10. HP: 34/64 MP: 9/11
  9119 | D:8      | Noticed Joseph
  9131 | D:8      | Killed Joseph
  9722 | D:9      | Reached * piety under Makhleb
  9811 | D:9      | Noticed Erica
  9847 | D:8      | Slain by Erica

Illustrated notes

Levels and vault maps discovered:
D:1:      dpeg_arrival_castle, layout_basic,
          ebering_ecumenical_altar_sacrificial, chequers_jeans
D:2:      layout_basic, serial_shops, shop, serial_curves, eino_curves_04,
          eino_curves_02, uniq_natasha, uniq_robin
D:3:      layout_rooms, old_standard_altar
D:4:      layout_loops_ring, chequers_serial_rivers_micro_a, uniq_grinder
D:5:      layout_cave_pools, hangedman_abyss_or_decor_stabs, uniq_eustachio
D:6:      layout_loops_cross, gup_ossuary_entry_pyramid
D:7:      layout_gridville, bloody_makhleb, gammafunk_temple_overflow_wave,
          minmay_temple_entry_drinking_statues, grunt_tough_drop
D:8:      layout_loops_ring, kennysheep_nondescript, uniq_joseph
D:9:      layout_small_grid, uniq_erica, uniq_pikel

Skill      XL: |  1  2  3  4  5  6  7  8  9 10 |
---------------+-------------------------------+-----
Maces & Flails | 3 4 5 6 7 8 |  8.9
Armour         | 4 5 6 7 |  7.9
Fighting       | 4 5 6 7 |  7.9
Shields        | 4 |  4.2
Evocations     | 1 3 |  3.8
Axes           | 2 |  2.8
Dodging        | 1 |  1.7
Invocations    | 1 2 |  2.4

Action                   |  1- 3 |  4- 6 |  7- 9 | 10-12 || total
-------------------------+-------+-------+-------+-------++-------
Melee: Whip              |   117 |   114 |   379 |       ||   610
       Flail             |     1 |       |       |       ||     1
       War axe           |       |       |    79 |    66 ||   145
Evoke: Wand              |       |       |       |     3 ||     3
  Use: Scroll            |       |     5 |    10 |     4 ||    19
       Potion            |       |       |     1 |     2 ||     3
Armor: Scale mail        |    61 |    46 |       |       ||   107
       Chain mail        |       |    18 |    54 |       ||    72
       Plate armour      |       |       |   257 |    54 ||   311
Dodge: Dodged            |    35 |    29 |   141 |    25 ||   230
Block: Buckler           |    19 |    20 |   103 |    17 ||   159

Table legend: (Time is in decaauts)
 A = Elapsed time spent in this place.
 B = Non-inter-level travel time spent in this place.
 C = Inter-level travel time spent in this place.
 D = Time resting spent in this place.
 E = Time spent auto-exploring this place.
 F = Levels seen in this place.
 G = Mean time per level.
                   A        B        C        D        E       F      G
               +--------+--------+--------+--------+--------+-----+--------+
         Total |   9869 |   9674 |    195 |   2253 |   5904 |  10 |  986.9 |
       Dungeon |   9406 |   9211 |    195 |   2253 |   5569 |   9 | 1045.1 |
       Ossuary |    462 |    462 |      0 |      0 |    335 |   1 |  462.0 |
               +--------+--------+--------+--------+--------+-----+--------+

Top non-repeatable levels by time:
     D:2: 1576 daAuts
     D:5: 1369 daAuts
     D:1: 1283 daAuts
     D:8: 1202 daAuts
     D:4: 1117 daAuts
     D:7: 1100 daAuts
     D:6: 919 daAuts
     D:3: 617 daAuts
 Ossuary: 462 daAuts
     D:9: 219 daAuts
